 Dungeon Crawl Stone Soup version 0.22-a0-78-g0f8607c (console) character file.

21926 Duffy the Cleaver (level 12, -3/112 HPs)
             Began as a Deep Dwarf Fighter on Jan 16, 2018.
             Was a High Priest of Makhleb.
             Killed by divine providence
             ... invoked by a balrug
             ... summoned by the player character
              (8 damage)
             ... on level 1 of the Lair of Beasts.
             The game lasted 00:20:32 (9475 turns).

Duffy the Cleaver (Deep Dwarf Fighter)              Turns: 9475, Time: 00:20:33

Health: -3/112     AC: 17    Str: 23    XL:     12   Next: 58%
Magic:  9/9        EV:  6    Int: 11    God:    Makhleb [*****.]
Gold:   718        SH: 14    Dex: 24    Spells: 9/11 levels left

rFire    . . .     SeeInvis +   D - +0 broad axe
rCold    . . .     Gourm    .   c - +1 shield
rNeg     . . .     Faith    .   H - +1 plate armour "Myenugg" {-Cast MR- Dex+8 SInv}
rPois    .         Spirit   .   (no helmet)
rElec    .         Reflect  .   (no cloak)
rCorr    .         Harm     +   t - +0 pair of gloves
MR       .....     NoCast   +   (no boots)
Stlth    ..........             n - amulet of harm
HPRegen  0.00/turn              i - ring of Shadows {Umbra +Inv Stlth+}
MPRegen  0.11/turn              G - +4 ring of dexterity

@: non-regenerating, wreathed by umbra
A: damage resistance, heal wounds, sense surroundings 2, no regeneration
a: Heal Wounds, Minor Destruction, Lesser Servant of Makhleb, Major Destruction,
Greater Servant of Makhleb, Renounce Religion, Evoke Invisibility


You were on level 1 of the Lair of Beasts.
You worshipped Makhleb.
Makhleb was extremely pleased with you.
You were not hungry.

You visited 2 branches of the dungeon, and saw 14 of its levels.
You also visited: Sewer.

You collected 718 gold pieces.

Inventory:

Hand Weapons
 a - a +1 war axe
 A - the +1 hand axe "Newtbane" {flame, rC- MR+ Dex+2}
   (You found it on level 11 of the Dungeon)

   It has been specially enchanted to burn those struck by it, causing extra
   injury to most foes and up to half again as much damage against particularly
   susceptible opponents.
   Big, fiery blades are also staple armaments of hydra-hunters.
   It affects your dexterity (+2).
   It makes you vulnerable to cold.
   It affects your resistance to hostile enchantments.
 D - a +0 broad axe (weapon)
Armour
 c - a +1 shield (worn)
 t - a +0 pair of gloves (worn)
 H - the +1 plate armour "Myenugg" (worn) {-Cast MR- Dex+8 SInv}
   (You took it off an orc on level 12 of the Dungeon)

   It affects your dexterity (+8).
   It affects your resistance to hostile enchantments.
   It lets you see invisible.
   It prevents spellcasting.
Jewellery
 d - the ring of Vevope {*Tele +Inv rC- MR+}
   (You found it on level 10 of the Dungeon)

   [ring of teleportation]

   It may teleport you next to monsters.
   It makes you vulnerable to cold.
   It affects your resistance to hostile enchantments.
   It lets you turn invisible.
 i - the ring of Shadows (left hand) {Umbra +Inv Stlth+}
   (You found it on level 12 of the Dungeon)

   [ring of stealth]

   It lets you turn invisible.
   It makes you more stealthy.
 n - an amulet of harm (around neck)
 o - an uncursed ring of fire
 E - an uncursed ring of see invisible
 G - a +4 ring of dexterity (right hand)
 I - the ring of Diepiz {Fire Dex+5}
   (You found it on level 1 of the Lair of Beasts)

   [ring of fire]

   It enhances your fire magic.
   It affects your dexterity (+5).
   It protects you from fire.
   It makes you vulnerable to cold.
Wands
 h - a wand of digging (11)
 w - a wand of disintegration (16)
 x - a wand of acid (3)
Scrolls
 g - 3 scrolls of magic mapping
 k - 8 scrolls of remove curse
 l - 2 scrolls of immolation
 m - 3 scrolls of enchant armour
 y - a scroll of vulnerability
 B - 2 scrolls of fog
 C - a scroll of identify
 F - a scroll of enchant weapon
Potions
 e - 2 potions of cancellation
 j - a potion of lignification
 p - 3 potions of ambrosia
 q - 3 potions of curing
 r - 2 potions of might
 u - 2 potions of flight
 v - a potion of heal wounds
 z - 3 potions of magic
Comestibles
 b - 23 chunks of flesh
 f - 22 rations


   Skills:
 + Level 8.6 Fighting
 * Level 13.5 Axes
 + Level 10.2 Armour
 + Level 10.2 Shields
 - Level 7.0 Invocations
 + Level 7.5 Evocations


You had 9 spell levels left.
You knew the following spells:

 Your Spells              Type           Power        Failure   Level  Hunger
a - Swiftness             Chrm/Air       #.......     100%        2    ###....


Dungeon Overview and Level Annotations

Branches:
Dungeon (13/15)            Temple (0/1) D:7            Lair (1/6) D:11
    Orc (0/2) D:9          Vaults (0/5) D:13

Altars:
Makhleb
Okawaru
Ru
Uskayaw
Yredelemnul

Annotations:
D:6 1 exclusion
D:13 Rupert, Urug
Lair:1 Gastronok


Innate Abilities, Weirdness & Mutations

You are resistant to damage.
You can heal yourself by infusing magical energy.
You passively map the area around you.
You do not regenerate.


Message History

You start waiting.
You swap places.
You miss the balrug. The balrug hits you but does no damage.
You slice the balrug!!
The balrug is moderately wounded.
The balrug barely misses you.
You slash the balrug!
The balrug is heavily wounded.
The balrug hits you with a demon whip!
You are engulfed in flames!!
You hit the balrug.
The balrug is heavily wounded.
The balrug hits you with a demon whip!
You are engulfed in flames!
Your smoke demon gestures at the balrug.
The balrug is smitten.
You slash the balrug!
The balrug is almost dead.
The balrug hits you but does no damage. The balrug gestures at you.
Makhleb smites you!
You die...

#..# #.... ### ##..# ###
#.... P#.#########...##
###.##### #....
.......##.......###.......#
##...
#..............#%.........##
##..
.#......##.###.............#
##.. ........####
##............###...
......###
#.3..............#. .....#.#
##@#####........... .....###
#2.# ########.### ....##
#..## ### #.>..# ##..#
.....## #.## ......# .##
#.## .....## ....##..#
......# ......#w## ......# *
.......!.#####


You could see Gastronok, a balrug and a friendly smoke demon.

Vanquished Creatures
  4 two-headed ogres
  Sonja (D:10)
  An unseen horror (D:12)
  An orc knight (D:12)
  A manticore (D:11)
  2 deep elf magi (D:12)
  2 ugly things (D:11)
  A troll (D:12)
  A hornet (D:10)
  A queen bee (D:8)
  A slime creature (D:12)
  7 hippogriffs
  A centaur simulacrum (D:12)
  11 yaks
  7 soldier ants (D:9)
  7 porcupines
  7 orc warriors
  A water moccasin (D:7)
  2 ice beasts
  A sky beast (D:6)
  4 ogres
  4 black bears
  A phantom (D:8)
  3 centaurs
  A crocodile (D:12)
  3 big kobolds
  4 bullfrogs
  A gnoll sergeant (D:9)
  A wyvern zombie (D:12)
  2 wyvern skeletons
  4 scorpions
  11 killer bees
  2 vampire bats (D:6)
  6 wights
  3 howler monkeys
  3 centaur zombies
  3 bullfrog zombies (D:9)
  7 crimson imps
  A jelly (D:11)
  5 hounds
  11 orc priests
  2 bullfrog skeletons
  2 centaur skeletons
  3 iguanas
  18 worker ants
  10 orc wizards
  4 hound zombies
  3 hound skeletons
  A worker ant zombie (D:11)
  A howler monkey skeleton (D:4)
  8 gnolls
  11 adders
  A river rat (Sewer)
  4 shadow imps
  An ooze (D:2)
  2 adder zombies
  3 worms
  3 dart slugs
  11 leopard geckos
  46 orcs
  14 bats
  6 giant cockroaches
  4 goblins
  7 hobgoblins
  19 jackals
  27 kobolds
  8 quokkas
  4 frilled lizards
  A jackal skeleton (D:5)
  A jackal zombie (D:5)
  A quokka skeleton (D:4)
  A quokka zombie (D:5)
  10 rats
377 creatures vanquished.

Vanquished Creatures (collateral kills)
  A fire dragon (D:12)
  A hydra (D:12)
  A centaur warrior (D:12)
  A queen ant (D:9)
  An unseen horror (D:12)
  A black mamba (Lair:1)
  A centaur zombie (D:12)
  A troll (D:9)
  2 blink frogs (Lair:1)
  A hornet (D:12)
  3 slime creatures (D:12)
  Prince Ribbit (Lair:1)
  A hippogriff (Lair:1)
  A wraith (D:12)
  10 soldier ants (D:9)
  An eye of draining (D:9)
  A scorpion (D:12)
  3 killer bees (D:8)
  17 worker ants (D:9)
  3 orcs
  A plant (Lair:1)
53 creatures vanquished.

Vanquished Creatures (others)
  51 fungi (D:11)
  32 plants (D:11)
83 creatures vanquished.

Grand Total: 513 creatures vanquished

Notes
Turn   | Place    | Note
-------+----------+-------------------------------------------
     0 | D:1      | Duffy the Deep Dwarf Fighter began the quest for the Orb.
     0 | D:1      | Reached XP level 1. HP: 20/20 MP: 1/1
   143 | D:1      | Reached XP level 2. HP: 24/27 MP: 2/2
   369 | D:2      | Reached skill level 3 in Axes
   369 | D:2      | Reached XP level 3. HP: 24/33 MP: 3/3
   642 | D:2      | Reached XP level 4. HP: 27/42 MP: 4/4
  1195 | D:3      | Noticed a hand axe
  1198 | D:3      | Noticed a hand axe
  1199 | D:3      | Found a hide-covered altar of Uskayaw.
  1210 | D:3      | Found a burning altar of Makhleb.
  1251 | D:3      | Became a worshipper of Makhleb the Destroyer
  1733 | D:4      | Reached skill level 4 in Axes
  1733 | D:4      | Reached XP level 5. HP: 45/49 MP: 5/5
  1826 | D:4      | Reached XP level 6. HP: 31/56 MP: 6/6
  1875 | D:4      | Found a basalt altar of Yredelemnul.
  1893 | D:4      | Reached * piety under Makhleb
  2001 | D:4      | Reached skill level 5 in Axes
  2057 | D:4      | Found a glowing drain.
  2061 | Sewer    | Entered a sewer
  2164 | Sewer    | Found a glowing silver altar of Zin.
  2465 | D:5      | Entered Level 5 of the Dungeon
  2518 | D:5      | Reached skill level 5 in Armour
  2518 | D:5      | Reached XP level 7. HP: 57/64 MP: 7/7
  2520 | D:5      | Reached skill level 5 in Shields
  2520 | D:5      | Reached skill level 1 in Invocations
  2606 | D:5      | Reached skill level 6 in Axes
  2677 | D:5      | Reached ** piety under Makhleb
  2988 | D:5      | Reached XP level 8. HP: 60/73 MP: 6/8
  3109 | D:5      | Reached skill level 7 in Axes
  3775 | D:6      | Found the +4 Vampire's Tooth {vamp}
  3776 | D:6      | Reached skill level 5 in Fighting
  3818 | D:6      | Reached *** piety under Makhleb
  4316 | D:7      | Found a staircase to the Ecumenical Temple.
  4331 | D:7      | Reached skill level 8 in Axes
  4391 | D:7      | Gained mutation: You passively map the area around you. [Deep Dwarf growth]
  4391 | D:7      | Reached XP level 9. HP: 58/81 MP: 9/9
  4698 | D:7      | Reached skill level 5 in Invocations
  4720 | D:7      | Learned a level 2 spell: Swiftness
  4967 | D:8      | Found an iron altar of Okawaru.
  5136 | D:8      | Reached skill level 9 in Axes
  5159 | D:8      | Reached **** piety under Makhleb
  5211 | D:8      | Noticed a queen bee
  5234 | D:8      | Killed a queen bee
  5426 | D:8      | Reached XP level 10. HP: 52/91 MP: 10/10
  5807 | D:9      | Reached skill level 10 in Axes
  5821 | D:9      | Noticed a queen ant
  5834 | D:9      | Killed a queen ant
  6226 | D:9      | Reached skill level 1 in Evocations
  6320 | D:9      | Found a staircase to the Orcish Mines.
  6844 | D:10     | Entered Level 10 of the Dungeon
  6895 | D:10     | Reached skill level 11 in Axes
  6948 | D:10     | Noticed Sonja
  6951 | D:10     | Paralysed by a hornet for 2 turns
  6957 | D:10     | Killed Sonja
  6958 | D:10     | Reached XP level 11. HP: 62/100 MP: 12/12
  6964 | D:10     | Noticed a two-headed ogre
  6966 | D:10     | Killed a two-headed ogre
  7069 | D:10     | Got a fine tin ring
  7070 | D:10     | Identified the ring of Vevope {*Tele +Inv rC- MR+} (You found it on level 10 of the Dungeon)
  7545 | D:11     | Got a twisted hand axe
  7546 | D:11     | Identified the +1 hand axe "Newtbane" {flame, rC- MR+ Dex+2} (You found it on level 11 of the Dungeon)
  7598 | D:11     | Noticed a cyan ugly thing
  7600 | D:11     | Killed a cyan ugly thing
  7722 | D:11     | Reached ***** piety under Makhleb
  7827 | D:11     | Found a staircase to the Lair.
  7838 | D:11     | Noticed a two-headed ogre
  7858 | D:11     | Killed a two-headed ogre
  7863 | D:11     | Reached skill level 12 in Axes
  7867 | D:11     | Noticed a two-headed ogre
  7897 | D:11     | Killed a two-headed ogre
  7897 | D:11     | Reached skill level 5 in Evocations
  8318 | D:11     | Noticed a white ugly thing
  8321 | D:11     | Killed a white ugly thing
  8500 | D:12     | Noticed a two-headed ogre
  8505 | D:12     | Killed a two-headed ogre
  8644 | D:12     | Noticed a centaur warrior
  8644 | D:12     | Noticed a fire dragon
  8645 | D:12     | Found the ring of Shadows {Umbra +Inv Stlth+}
  8645 | D:12     | Noticed an eight-headed hydra
  8646 | D:12     | Noticed a green death
  8666 | D:12     | Noticed a deep elf mage
  8668 | D:12     | Killed a deep elf mage
  8668 | D:12     | Reached XP level 12. HP: 65/110 MP: 11/11
  8746 | D:12     | Found a sacrificial altar of Ru.
  8773 | D:12     | Killed a centaur warrior
  8930 | D:12     | Reached skill level 13 in Axes
  8941 | D:12     | Killed an eight-headed hydra
  8946 | D:12     | Reached skill level 10 in Armour
  8965 | D:12     | Killed a fire dragon
  8965 | D:12     | Reached skill level 10 in Shields
  9005 | D:12     | Got a scorched plate armour
  9020 | D:12     | Identified the +1 plate armour "Myenugg" {-Cast MR- Dex+8 SInv} (You took it off an orc on level 12 of the Dungeon)
  9037 | D:12     | Identified the Volume of Transformation
  9165 | D:13     | Found a gate to the Vaults.
  9165 | D:13     | Noticed a centaur warrior
  9165 | D:13     | Noticed Rupert
  9165 | D:13     | Noticed Urug
  9195 | Lair:1   | Entered Level 1 of the Lair of Beasts
  9315 | Lair:1   | Noticed Prince Ribbit
  9320 | Lair:1   | Killed Prince Ribbit
  9386 | Lair:1   | Got a sparkling glass ring
  9388 | Lair:1   | Identified the ring of Diepiz {Fire Dex+5} (You found it on level 1 of the Lair of Beasts)
  9440 | Lair:1   | Noticed Gastronok
  9445 | Lair:1   | Noticed a balrug
  9474 | Lair:1   | HP: 5/112 [balrug/demon whip[the player character] (18)]
  9475 | Lair:1   | Killed from afar by a balrug

Vault maps used:
D:1:      minmay_arrival_arboretum_small
D:2:      first_ration
D:3:      dancing_weapons_uskayaw, hangedman_glass_teeth, bloody_makhleb
D:4:      gup_sewer_entry_spiral, yredelemnul_altar_generic
D:5:      hangedman_decor_points, minmay_fountain_box
D:6:      kennysheep_windowed_halls, grunt_ministairs_6,
          minmay_guarded_unrand_vampires_tooth
D:7:      minmay_temple_entry_statues_pillars
D:8:      basic_altar, david_nohive_1
D:9:      orc_0_dummy, st_stairs_6, zaba_anthell
D:10:     uniq_sonja
D:11:     due_lair_maze_entry_diamond
D:12:     minmay_the_grid_triangle_9x9_rhombus_thin, basic_altar, billiards_dpeg
D:13:     david_vaults_3, columned_hall_lemuel
Lair:1:   uniq_prince_ribbit2, uniq_gastronok
Sewer:    sewer_kobolds

Skill      XL: |  1  2  3  4  5  6  7  8  9 10 11 12 |
---------------+-------------------------------------+-----
Axes           | 3 4 5 6 8 9 11 12 13 | 13.5
Fighting       | 3 4 5 6 7 8 |  8.6
Armour         | 4 5 6 7 8 9 10 | 10.2
Shields        | 4 5 6 7 8 9 10 | 10.2
Invocations    | 2 4 6 7 |  7.0
Evocations     | 2 6 7 |  7.5

Action                   |  1- 3 |  4- 6 |  7- 9 | 10-12 || total
-------------------------+-------+-------+-------+-------++-------
Melee: War axe           |    89 |   194 |   535 |   486 ||  1304
       Broad axe         |       |       |       |   203 ||   203
Invok: Lesser Servant of |       |       |     1 |    11 ||    12
       Greater Servant o |       |       |       |     4 ||     4
 Abil: Heal Wounds       |       |     2 |    16 |    21 ||    39
Evoke: Wand              |       |       |       |    27 ||    27
  Use: Potion            |       |     1 |     2 |     5 ||     8
       Scroll            |       |       |    14 |     9 ||    23
 Stab: Distracted        |       |       |       |     1 ||     1
  Eat: Chunk             |       |     5 |     9 |    14 ||    28
       Ration            |       |       |     1 |       ||     1
Armor: Scale mail        |    63 |    96 |   135 |       ||   294
       Chain mail        |       |       |   114 |   103 ||   217
       Skin              |       |       |    18 |    20 ||    38
       Plate armour      |       |       |       |   167 ||   167
Dodge: Dodged            |    30 |    50 |   158 |   126 ||   364
Block: Shield            |    65 |   113 |   375 |   445 ||   998

Table legend:
 A = Spawn XP
 B = Non-spawn XP
 C = Spawn XP percentage of total XP
 D = Spawn monster count
 E = Non-spawn monster count
 F = Spawn count percentage of total count
 G = Total turns spent on level
                    A         B        C        D         E        F      G
               +---------+---------+-------+---------+---------+-------+---------
         Total |       0 |   31323 |   0.0 |       0 |     429 |   0.0 |  9475
               +---------+---------+-------+---------+---------+-------+---------
           D:1 |       0 |      36 |   0.0 |       0 |      20 |   0.0 |   367
           D:2 |       0 |      79 |   0.0 |       0 |      20 |   0.0 |   440
           D:3 |       0 |      69 |   0.0 |       0 |      22 |   0.0 |   906
           D:4 |       0 |     345 |   0.0 |       0 |      32 |   0.0 |   607
           D:5 |       0 |    1200 |   0.0 |       0 |      43 |   0.0 |   941
           D:6 |       0 |     631 |   0.0 |       0 |      22 |   0.0 |   910
           D:7 |       0 |    1175 |   0.0 |       0 |      22 |   0.0 |   629
           D:8 |       0 |    2126 |   0.0 |       0 |      33 |   0.0 |   563
           D:9 |       0 |    4078 |   0.0 |       0 |      74 |   0.0 |  1336
          D:10 |       0 |    3073 |   0.0 |       0 |      29 |   0.0 |   753
          D:11 |       0 |    6361 |   0.0 |       0 |      39 |   0.0 |   838
          D:12 |       0 |    9133 |   0.0 |       0 |      46 |   0.0 |   758
        Lair:1 |       0 |    2889 |   0.0 |       0 |      15 |   0.0 |   280
         Sewer |       0 |     128 |   0.0 |       0 |      12 |   0.0 |   145
               +---------+---------+-------+---------+---------+-------+---------
